 Dungeon Crawl Stone Soup version 0.25-a0-339-gb37b713 (webtiles) character file.

Game seed: 10627168491116107408, levelgen mode: deterministic

18085 Birdy the Nimble (level 12, -18/94 HPs)
             Began as a Human Gladiator on Dec 29, 2019.
             Was an Elder of Wu Jian.
             Killed from afar by a lindwurm (37 damage)
             ... with a blast of flame
             ... on level 2 of the Lair of Beasts.
             The game lasted 00:52:58 (17827 turns).

Birdy the Nimble (Human Gladiator)                 Turns: 17827, Time: 00:52:59

Health: -18/94     AC:  8    Str: 15    XL:     12   Next: 90%
Magic:  18/18      EV: 21    Int: 14    God:    Wu Jian [****..]
Gold:   1139       SH:  0    Dex: 20    Spells: 10/11 levels left

rFire    . . .     SeeInvis +   z - +6 Majin-Bo {vamp, Archmagi MP+6 Int+6}
rCold    + . .     Gourm    .   (shield currently unavailable)
rNeg     . . .     Faith    .   C - +2 leather armour {rC+}
rPois    +         Spirit   .   (helmet restricted)
rElec    .         Reflect  .   w - +0 cloak
rCorr    .         Harm     .   h - +0 pair of gloves
MR       +....                  (no boots)
Stlth    ++........             (no amulet)
HPRegen  0.25/turn              s - ring of see invisible
MPRegen  0.16/turn              q - ring of protection from magic

@: flying
A: fangs 1, horns 1, poison resistance, subdued magic 1
a: Wall Jump, Serpent's Lash, Renounce Religion


You were on level 2 of the Lair of Beasts.
You worshipped Wu Jian.
Wu Jian was greatly pleased with you.
You were not hungry.

You visited 3 branches of the dungeon, and saw 15 of its levels.

You collected 1139 gold pieces.

Inventory:

Hand Weapons
 a - a +1 long sword
 t - the +11 dagger of Louteant {venom, +Fly SInv}
   (You found it on level 9 of the Dungeon)

   It poisons the flesh of those it strikes.
   It lets you see invisible.
   It lets you fly.
 z - the +6 Majin-Bo (weapon) {vamp, Archmagi MP+6 Int+6}
   (You found it on level 8 of the Dungeon)

   It inflicts no extra harm, but heals its wielder when it wounds a living foe.
   It affects your intelligence (+6).
   It affects your magic capacity (+6).
 G - a +0 quarterstaff of pain
Missiles
 j - 7 curare-tipped darts
 m - 19 poisoned darts
 I - 2 atropa-tipped darts (quivered)
Armour
 h - a +0 pair of gloves (worn)
 w - a +0 cloak (worn)
 C - a +2 leather armour of cold resistance (worn)
Jewellery
 l - an uncursed ring of protection from fire {unknown}
 q - a ring of protection from magic (right hand)
 s - a ring of see invisible (left hand)
 A - an uncursed ring of fire
 E - an uncursed ring of magical power
 F - an uncursed ring of flight
 Q - an uncursed ring of protection from cold
Wands
 b - a wand of random effects (25)
 d - a wand of digging (8)
 u - a wand of enslavement (9)
 B - a wand of flame (14)
 D - a wand of iceblast (9)
 H - a wand of disintegration (13)
 O - a wand of polymorph (23)
Scrolls
 g - 3 scrolls of magic mapping
 k - 5 scrolls of remove curse
 n - 3 scrolls of enchant weapon
 o - a scroll of teleportation
 p - 3 scrolls of immolation
 r - 4 scrolls of amnesia
 y - 3 scrolls of vulnerability
 J - a scroll of holy word
 K - 3 scrolls of fog
 N - a scroll of fear
 R - 2 scrolls of identify
Potions
 c - a potion of cancellation
 e - 2 potions of flight
 i - a potion of lignification
 v - 5 potions of curing
 x - 2 potions of agility
 L - 3 potions of might
 M - a potion of mutation
 P - 2 potions of invisibility {unknown}
Comestibles
 f - 25 rations
 S - 3 chunks of flesh


   Skills:
 + Level 8.5 Fighting
 + Level 9.9 Long Blades
 - Level 6.0 Staves
 - Level 2.0 Throwing
 - Level 6.0 Armour
 * Level 11.9 Dodging
 - Level 3.0 Stealth
 * Level 6.1 Necromancy


You had 10 spell levels left.
You knew the following spells:

 Your Spells              Type           Power        Failure   Level  Hunger
a - Animate Skeleton      Necr           N/A          1%          1    ##.....

Your spell library contained the following spells:

 Spells                   Type           Power        Failure   Level  Hunger
 Apportation              Tloc           #.....       30%         1    ##.....
 Confusing Touch          Hex            #.....       30%         1    ##.....
 Corona                   Hex            #......      30%         1    ##.....
 Foxfire                  Conj/Fire      #...         30%         1    ##.....
 Summon Small Mammal      Summ           #...         30%         1    ##.....
 Slow                     Hex            #.......     41%         2    ###....
 Conjure Flame            Conj/Fire      #.......     67%         3    ####...
 Inner Flame              Hex/Fire       #.......     67%         3    ####...
 Portal Projectile        Hex/Tloc       #.....       67%         3    ####...
 Cause Fear               Hex            #.........   97%         4    #####..
 Leda's Liquefaction      Hex/Erth       #.........   97%         4    #####..
 Sticky Flame             Conj/Fire      #.......     97%         4    #####..
 Fireball                 Conj/Fire      #.........   100%        5    ######.


Dungeon Overview and Level Annotations

Branches:
Dungeon (12/15)            Temple (1/1) D:5            Lair (2/6) D:11
  Swamp: Lair:2-4    Shoals: Lair:2-4     Snake: Lair:2-4    Spider: Lair:2-4
    Orc: D:9-12

Altars:
Ashenzari
Dithmenos
Gozag
Kikubaaqudgha
Makhleb
Nemelex Xobeh
Okawaru
Ru
Sif Muna
Trog
Uskayaw
Wu Jian
Xom
Yredelemnul
Zin

Shops:
D:5 %

Annotations:
D:7 1 runed translucent door, PurpleCat's ghost, novice MiFi


Innate Abilities, Weirdness & Mutations

You have very sharp teeth.
You have a pair of small horns on your head.
Your system is resistant to poisons. (rPois)
Your spells are a little easier to cast, but a little less powerful.


Message History

The lindwurm misses you. The lindwurm claws you!
You spin and attack the lindwurm.
You closely miss the lindwurm.
The lindwurm is lightly wounded.
The lindwurm completely misses you. The lindwurm closely misses you.
The lindwurm barely misses you.
Found a scroll of amnesia, a runed war axe and a chain mail.
Unknown command.
Okay, then.
Evoke which item? (* to show all) (? for menu, Esc to quit)
Okay, then.
Found a ring mail and a ration.
The lindwurm breathes flames at you. The blast of flame hits you!!
* * * LOW HITPOINT WARNING * * *
You hear a roar!
As you read the scroll of fog, it crumbles to dust.
The scroll dissolves into smoke.
The lindwurm breathes flames at you. The blast of flame hits you!!!
You die...

#.....##...P##...##
#..........###....# .#
#........>.##P...# #...#
#PP..#.P...#...P.# #...#
......#P.......#.# #...#
................####...#
.#.......≈≈.......##...##
..§§.§§§≈≈≈≈§§Z§§§.P....#
....§≈§≈≈≈≈≈§§≈§@§§.....#
...≈§§≈≈≈≈≈≈§§≈§§§......#
..≈≈§≈§≈≈≈≈§≈≈§§§≈§....##
..≈≈≈≈≈≈..kk§§§§§§......#
.§§§§≈...##..k≈≈§§≈....##
§≈§≈≈≈..####..§≈≈≈≈.....#
.§≈§§..#.)!.#.§§§§≈....##
§≈§≈§k##k|>=##.≈§≈≈§.%.#
§≈§≈≈.## [)?##.≈≈§≈≈...##


You could see 2 lindwurms and a friendly porcupine skeleton.

Vanquished Creatures
  A hydra (Lair:2)
  2 two-headed ogres
  Sonja (Lair:2)
  An unseen horror (D:11)
  An ugly thing (D:11)
  Maurice (D:9)
  Joseph (D:10)
  4 spiny frogs
  A queen bee (D:12)
  A troll (D:9)
  3 blink frogs (Lair:1)
  5 hippogriffs
  Sigmund (D:2)
  Eustachio (D:6)
  A wyvern (D:10)
  20 yaks
  A basilisk (Lair:1)
  6 porcupines
  4 water moccasins
  3 orc warriors
  2 ice beasts
  A black bear (D:6)
  6 phantoms
  5 sky beasts
  6 centaurs
  4 ogres
  5 crocodiles
  6 big kobolds
  8 bullfrogs
  A wyvern skeleton (D:6)
  11 killer bees
  3 scorpions
  3 howler monkeys
  11 crimson imps
  3 bullfrog zombies
  5 orc priests
  A jelly (D:6)
  9 hounds
  2 centaur skeletons
  A gnoll shaman (D:5)
  13 orc wizards
  4 iguanas
  8 worker ants
  A killer bee zombie (D:7)
  2 hound skeletons
  16 gnolls
  A howler monkey skeleton (D:6)
  12 adders
  3 adder skeletons
  3 worms
  2 dart slugs
  3 leopard geckos
  33 orcs
  7 giant cockroaches
  23 goblins
  29 hobgoblins
  11 jackals
  4 quokkas
  5 bats
  9 frilled lizards
  14 kobolds
  10 rats
365 creatures vanquished.

Vanquished Creatures (collateral kills)
  2 hippogriffs
  3 yaks
  2 porcupines
  An orc warrior (D:11)
  A crocodile (Lair:1)
  2 orcs (D:10)
11 creatures vanquished.

Vanquished Creatures (others)
  14 foxfires
  5 fungi (Lair:2)
  3 plants
22 creatures vanquished.

Grand Total: 398 creatures vanquished

Notes
Turn   | Place    | Note
-------+----------+-------------------------------------------
     0 | D:1      | Birdy the Human Gladiator began the quest for the Orb.
     0 | D:1      | Reached XP level 1. HP: 16/16 MP: 1/1
   332 | D:1      | Reached XP level 2. HP: 22/22 MP: 2/2
   886 | D:2      | Reached skill level 1 in Armour
   886 | D:2      | Reached XP level 3. HP: 27/27 MP: 3/3
  1007 | D:2      | Reached XP level 4. HP: 28/33 MP: 4/4
  1020 | D:2      | Gained mutation: Your body sometimes deteriorates upon
                  | taking damage. [potion of mutation]
  1020 | D:2      | Gained mutation: Your spells are a little easier to cast,
                  | but a little less powerful. [potion of mutation]
  1020 | D:2      | Gained mutation: You are agile. (Dex +2) [potion of
                  | mutation]
  1312 | D:2      | Reached skill level 1 in Stealth
  1329 | D:2      | Lost mutation: Your body sometimes deteriorates upon taking
                  | damage. [potion of mutation]
  1329 | D:2      | Lost mutation: You are agile. (Dex +2) [potion of mutation]
  1329 | D:2      | Gained mutation: Your system is resistant to poisons.
                  | (rPois) [potion of mutation]
  1329 | D:2      | Gained mutation: You have a pair of small horns on your
                  | head. [potion of mutation]
  1329 | D:2      | Gained mutation: You have very sharp teeth. [potion of
                  | mutation]
  1459 | D:2      | Noticed Sigmund
  1547 | D:2      | Killed Sigmund
  1547 | D:2      | Reached skill level 4 in Dodging
  1547 | D:2      | Reached XP level 5. HP: 27/39 MP: 5/5
  1547 | D:2      | Reached XP level 6. HP: 32/46 MP: 6/6
  2264 | D:3      | HP: 2/46 [orc wizard/+0 dagger (4)]
  2305 | D:3      | Reached XP level 7. HP: 11/52 MP: 7/7
  2632 | D:3      | HP: 2/52 [sky beast (5)]
  4353 | D:3      | Reached skill level 5 in Long Blades
  4353 | D:3      | Reached skill level 5 in Dodging
  4361 | D:3      | Reached XP level 8. HP: 26/58 MP: 8/8
  5342 | D:4      | Found a shimmering altar of Xom.
  5363 | D:4      | Reached skill level 6 in Dodging
  5522 | D:5      | Entered Level 5 of the Dungeon
  5903 | D:5      | Reached XP level 9. HP: 52/66 MP: 9/9
  6031 | D:5      | Found a staircase to the Ecumenical Temple.
  6040 | Temple   | Entered the Ecumenical Temple
  6043 | Temple   | Became a worshipper of the Wu Jian Council
  6777 | D:5      | Reached skill level 7 in Dodging
  6905 | D:5      | Found Ymoduv's Food Shop.
  6937 | D:5      | Found a shattered altar of Ashenzari.
  7177 | D:5      | Reached skill level 5 in Fighting
  7757 | D:6      | Reached skill level 8 in Dodging
  7763 | D:6      | Reached * piety under Wu Jian
  7788 | D:6      | Reached XP level 10. HP: 19/75 MP: 10/10
  8508 | D:6      | Noticed Eustachio
  8542 | D:6      | Killed Eustachio
  9166 | D:7      | Reached skill level 9 in Dodging
  9274 | D:7      | Found a runed translucent door.
  9295 | D:7      | Noticed a manticore
  9296 | D:7      | Noticed PurpleCat's ghost (novice MiFi)
  9825 | D:7      | Reached ** piety under Wu Jian
 10993 | D:8      | Found the +6 Majin-Bo {vamp, Archmagi MP+6 Int+6}
 11065 | D:8      | Reached skill level 1 in Staves
 11658 | D:9      | Got a faintly glowing dagger
 11665 | D:9      | Identified the +11 dagger of Louteant {venom, +Fly SInv}
                  | (You found it on level 9 of the Dungeon)
 11727 | D:9      | Noticed Maurice
 11740 | D:9      | Paralysed by Maurice for 2 turns
 11753 | D:9      | Killed Maurice
 11760 | D:9      | Learned a level 1 spell: Foxfire
 12118 | D:9      | Reached XP level 11. HP: 24/83 MP: 10/11
 12508 | D:9      | Reached skill level 10 in Dodging
 12530 | D:9      | Got a dazzling plate armour
 12541 | D:9      | Identified the +6 plate armour of Day {rPois rN+} (You
                  | found it on level 9 of the Dungeon)
 12971 | D:10     | Entered Level 10 of the Dungeon
 13134 | D:10     | Noticed a two-headed ogre
 13143 | D:10     | Killed a two-headed ogre
 13191 | D:10     | Got a transparent scale mail
 13207 | D:10     | Identified the +3 scale mail "Qeskeigh" {Int+2} (You found
                  | it on level 10 of the Dungeon)
 13228 | D:10     | Learned a level 1 spell: Animate Skeleton
 13363 | D:10     | Reached *** piety under Wu Jian
 13418 | D:10     | Noticed Joseph
 13430 | D:10     | Killed Joseph
 13430 | D:10     | Reached skill level 1 in Necromancy
 13858 | D:10     | Reached skill level 5 in Armour
 14092 | D:11     | Noticed a cyan ugly thing
 14292 | D:11     | Found a staircase to the Lair.
 14298 | D:11     | Reached skill level 5 in Staves
 14469 | D:11     | Noticed an unseen horror
 14474 | D:11     | Reached **** piety under Wu Jian
 14501 | D:11     | Killed an unseen horror
 14662 | D:11     | Killed a cyan ugly thing
 14987 | D:12     | Noticed a two-headed ogre
 15002 | D:12     | Killed a two-headed ogre
 15002 | D:12     | Reached skill level 11 in Dodging
 15002 | D:12     | Reached XP level 12. HP: 36/92 MP: 12/12
 15692 | Lair:1   | Entered Level 1 of the Lair of Beasts
 16141 | Lair:1   | Reached skill level 5 in Necromancy
 17011 | Lair:2   | Got an encrusted flail
 17177 | Lair:2   | Noticed a five-headed hydra
 17195 | Lair:2   | Noticed Sonja
 17464 | Lair:2   | Killed a five-headed hydra
 17469 | Lair:2   | Killed Sonja
 17827 | Lair:2   | Killed from afar by a lindwurm

Levels and vault maps discovered:
D:1:      wander_arrival_fairy_ring, layout_basic
D:2:      layout_basic, uniq_sigmund
D:3:      minmay_goblin_kobold_castle, layout_basic, serial_co_window_serial,
          co_window_of_opportunity_a, co_window_cross_1, co_window_paths_a,
          co_window_corner_a, co_window_paths_a, co_window_paths_b,
          co_window_paths_a, co_window_of_opportunity_a,
          co_window_of_opportunity_a, co_window_broadway_c, co_window_corner_b,
          glass_columns_b, glass_columns_a, glass_columns_a, glass_columns_b,
          glass_columns_a
D:4:      layout_basic, led_xom_imps, first_ration
D:5:      layout_loops_corners, minmay_temple_entry_trees, serial_shops, shop,
          cheibrodos_ashenzari_chains
D:6:      wad_guarded_room, layout_loops_corners, uniq_eustachio
D:7:      layout_loops_ring, ebering_ghost_inner_flame
D:8:      layout_cave_pools, serial_park, serial_park_tiny_1,
          serial_park_square2, serial_park_avenue1, serial_park_gazebo
          [serial_park_minivault_5x5_2], blue_anna_alchemist
          [blue_anna_fruit_fields, blue_anna_fruit_fields]
D:9:      layout_stronghold, minmay_misc_feat_room, uniq_maurice
D:10:     layout_cave_pools, serial_column_ruins, column_ruins_hut_water,
          column_ruins_square_medium, column_ruins_grid_1,
          column_ruins_corridor_corner, column_ruins_columns_plus,
          column_ruins_grid_4, column_ruins_open_tiny, grunt_ministairs_12,
          amethyst_killhole, uniq_joseph
D:11:     layout_roguey, minmay_lair_entry_grove, grunt_ministairs_15
D:12:     layout_loops_cross, hiddenorc2_lemuel, special_room
          [special_room_bee], sword_in_stone
Temple:   dpeg_three_leaves_temple
Lair:1:   layout_hall_layers, lemuel_fruit_fields
Lair:2:   layout_concentric_octagons, minmay_lindwurm_lava, uniq_sonja

Skill      XL: |  1  2  3  4  5  6  7  8  9 10 11 12 |
---------------+-------------------------------------+-----
Armour         | 1 2 3 4 5 6 |  6.0
Stealth        | 1 2 3 |  3.0
Long Blades    | 4 5 6 8 9 |  9.9
Dodging        | 4 5 6 8 9 11 | 11.9
Fighting       | 3 4 5 6 7 8 |  8.5
Staves         | 2 5 6 |  6.0
Necromancy     | 3 6 |  6.1
Throwing       | |  2.0

Action                   |  1- 3 |  4- 6 |  7- 9 | 10-12 || total
-------------------------+-------+-------+-------+-------++-------
Melee: Long sword        |    53 |    86 |   396 |   249 ||   784
       Bite              |       |    17 |    66 |    98 ||   181
       Headbutt          |       |    15 |   110 |   211 ||   336
       Quarterstaff      |       |       |       |   528 ||   528
       Dagger            |       |       |       |    63 ||    63
Throw: Boomerang         |     6 |    38 |    49 |    15 ||   108
       Throwing net      |     2 |       |     3 |       ||     5
       Dart              |       |       |    50 |    29 ||    79
 Cast: Foxfire           |       |       |       |     8 ||     8
       Animate Skeleton  |       |       |       |    39 ||    39
Invok: Lunge             |       |       |    15 |   108 ||   123
       Whirlwind         |       |       |       |   221 ||   221
 Abil: Wall Jump         |       |       |       |     6 ||     6
Evoke: Wand              |       |       |     2 |    11 ||    13
  Use: Scroll            |     3 |     1 |     4 |    20 ||    28
       Potion            |       |     7 |     3 |     7 ||    17
 Stab: Sleeping          |       |     2 |     9 |    13 ||    24
       Held in net/web   |       |       |     3 |       ||     3
       Distracted        |       |       |     1 |    10 ||    11
       Invisible         |       |       |       |     5 ||     5
       Paralysed         |       |       |       |     4 ||     4
  Eat: Chunk             |       |     4 |    14 |    23 ||    41
       Ration            |       |       |     1 |     4 ||     5
Armor: Leather armour    |    15 |    21 |    66 |    87 ||   189
       Skin              |       |       |    12 |     3 ||    15
Dodge: Dodged            |    33 |    78 |   331 |   737 ||  1179
       Rpst.: Long sword |     7 |    30 |    94 |    55 ||   186

Table legend:
 A = Non-vault XP
 B = Vault XP
 C = Vault XP percentage of total XP
 D = Non-vault monster count
 E = Vault monster count
 F = Vault count percentage of total count
                 A         B        C        D         E       F
            +---------+---------+-------+---------+---------+-------
      Total |   19111 |    6725 |  26.0 |     271 |     105 |  27.9
            +---------+---------+-------+---------+---------+-------
        D:1 |      25 |       0 |   0.0 |      14 |       0 |   0.0
        D:2 |     153 |     212 |  58.1 |      28 |       1 |   3.4
        D:3 |     277 |     582 |  67.8 |      34 |      58 |  63.0
        D:4 |     394 |     148 |  27.3 |      11 |       3 |  21.4
        D:5 |    1109 |       0 |   0.0 |      25 |       0 |   0.0
        D:6 |    1190 |    1122 |  48.5 |      23 |      16 |  41.0
        D:7 |     892 |       0 |   0.0 |      19 |       0 |   0.0
        D:8 |     840 |     104 |  11.0 |      23 |       1 |   4.2
        D:9 |    1228 |     457 |  27.1 |       9 |       1 |  10.0
       D:10 |    2093 |     427 |  16.9 |      19 |       2 |   9.5
       D:11 |    1505 |    2409 |  61.5 |      21 |      15 |  41.7
       D:12 |    1087 |     659 |  37.7 |       2 |       7 |  77.8
     Temple |      27 |       0 |   0.0 |       2 |       0 |   0.0
     Lair:1 |    5203 |       0 |   0.0 |      29 |       0 |   0.0
     Lair:2 |    3088 |     605 |  16.4 |      12 |       1 |   7.7
            +---------+---------+-------+---------+---------+-------
